 Dungeon Crawl Stone Soup version 0.21-a0-641-geef9d7f (webtiles) character file.

18 theanonym the Grave Robber (level 2, 0/15 HPs)
             Began as a Deep Elf Necromancer on Dec 30, 2017.
             Slain by a gnoll
             ... wielding a +0 spear
              (5 damage)
             ... on level 1 of the Dungeon.
             The game lasted 00:01:21 (770 turns).

theanonym the Grave Robber (Deep Elf Necromancer)    Turns: 770, Time: 00:01:22

Health: 0/15       AC:  2    Str:  5    XL:     2   Next: 48%
Magic:  5/8        EV: 13    Int: 19    God:
Gold:   26         SH:  0    Dex: 15    Spells: 6/7 levels left

rFire    . . .     SeeInvis .   f - +0 dagger
rCold    . . .     Gourm    .   (no shield)
rNeg     . . .     Faith    .   a - +0 robe {0}
rPois    .         Spirit   .   (no helmet)
rElec    .         Reflect  .   (no cloak)
rCorr    .         Harm     .   (no gloves)
MR       .....                  (no boots)
Stlth    ++........             (no amulet)
HPRegen  0.05/turn              (no ring)
MPRegen  0.11/turn              (no ring)

@: no status effects
A: no striking features
a: no special abilities


   Skills:
 - Level 2.4 Dodging
 - Level 2.4 Stealth
 - Level 3.0 Spellcasting
 + Level 5.7 Necromancy


You had 6 spell levels left.
You knew the following spells:

 Your Spells              Type           Power        Failure   Level  Hunger
a - Pain                  Necr           ###.         1%          1    None

Skill      XL: |  1 |
---------------+----+-----
Necromancy     | 5 |  5.7
Dodging        | |  2.4
Stealth        | |  2.4
Spellcasting   | |  3.0

Action                   || total
-------------------------++-------
Melee: Dagger            ||     1
 Cast: Pain              ||    30
Armor: Robe              ||     1
Dodge: Dodged            ||     7

Inventory:

Hand Weapons
 f - a +0 dagger (weapon)
   (You took it off a goblin on level 1 of the Dungeon)
Armour
 a - a +0 robe (worn) {0}
Scrolls
 c - 2 scrolls of remove curse {unknown}
Books
 b - a book of Necromancy
Comestibles
 e - a ration


You were on level 1 of the Dungeon.
You were not hungry.

You visited 1 branch of the dungeon, and saw 1 of its levels.

You collected 26 gold pieces.

Dungeon Overview and Level Annotations

Branches:
Dungeon (1/15)

Altars:


Message History

You take 1 damage, and have 14/15 hp.
You now have 7/8 mp.
You can't see any susceptible monsters within range! (Use Z to cast anyway.)
Found 14 gold pieces.
Things that are here:
a dagger; 4 stones You now have 26 gold pieces (gained 14).
Found a leather armour.
Health restored: 15; MP restored: 8 A rat comes into view.
A rat is nearby!
A rat is nearby!
A rat is nearby!
Aim: a rat (resting, chance to defeat MR: 92%)
The rat writhes in agony!
You kill the rat!
You take 1 damage, and have 14/15 hp.
You now have 7/8 mp.
A rat comes into view.
Aim: a rat (resting, chance to defeat MR: 92%)
The rat writhes in agony!
You kill the rat!
You take 1 damage, and have 13/15 hp.
You now have 6/8 mp.
Found a stone staircase leading down.
A goblin comes into view. It is wielding a dagger.
Health restored: 15; MP restored: 8
Aim: a goblin, wielding a dagger (resting, chance to defeat MR: 93%)
The goblin shouts!
The goblin writhes in agony!
You kill the goblin!
You take 1 damage, and have 14/15 hp.
You now have 7/8 mp.
Unknown command.
Unknown command.
A kobold comes into view. It is wielding a whip.
A kobold is nearby!
A kobold is nearby!
A kobold is nearby!
Some of the chunks of flesh in your inventory have rotted away.
A dart slug comes into view.
Aim: a kobold, wielding a whip (hasn't noticed you, chance to defeat MR: 93%)
The kobold shouts!
The kobold writhes in agony!
The kobold throws a stone.
The stone barely misses you. The dart slug launches a dart at you.
The slug dart misses you.
You take 1 damage, and have 13/15 hp.
You now have 6/8 mp.
Aim: a kobold, wielding a whip (moderately wounded, chance to defeat MR: 93%)
The kobold writhes in agony!
The kobold throws a stone.
The stone barely misses you.
You take 1 damage, and have 12/15 hp.
You now have 5/8 mp.
Aim: a kobold, wielding a whip (severely wounded, chance to defeat MR: 93%)
The kobold writhes in agony!
You kill the kobold!
You take 1 damage, and have 11/15 hp.
You now have 4/8 mp.
Aim: a dart slug (chance to defeat MR: 93%)
The dart slug barely resists.
The dart slug launches a dart at you. The slug dart misses you.
You take 1 damage, and have 10/15 hp.
Aim: a dart slug (chance to defeat MR: 93%)
The dart slug writhes in agony!
You take 1 damage, and have 9/15 hp.
You now have 3/8 mp.
Aim: a dart slug (heavily wounded, clinging, chance to defeat MR: 93%)
The dart slug writhes in agony!
You take 1 damage, and have 8/15 hp.
You now have 2/8 mp.
Aim: a dart slug (heavily wounded, clinging, chance to defeat MR: 93%)
The dart slug writhes in agony!
* * * LOW MAGIC WARNING * * *
You take 1 damage, and have 7/15 hp.
You now have 1/8 mp.
Aim: a dart slug (severely wounded, chance to defeat MR: 93%)
The dart slug writhes in agony!
* * * LOW MAGIC WARNING * * *
You take 1 damage, and have 6/15 hp.
You now have 0/8 mp.
You don't have enough magic to cast that spell.
No previous command to re-do.
You see here a dagger.
You hit the dart slug.
You kill the dart slug!
You start resting.
You regained 4 hp, and now have 10/15 hp.
MP restored: 8 You start resting.
All of the chunks of flesh in your inventory have rotted away.
Health restored: 15
Things that are here:
a whip; 3 stones A gnoll comes into view.
It is wielding a spear.
A gnoll is nearby!
A gnoll is nearby!
A gnoll is nearby!
Aim: a gnoll, wielding a spear (resting, chance to defeat MR: 88%)
The gnoll shouts!
The gnoll writhes in agony!
You take 1 damage, and have 14/15 hp.
You now have 7/8 mp.
Aim: a gnoll, wielding a spear (heavily wounded, chance to defeat MR: 88%)
The gnoll writhes in agony!
The gnoll hits you from afar with a spear!
You take 8 damage, and have 6/15 hp.
MASSIVE DAMAGE!!
You now have 6/8 mp.
Aim: a gnoll, wielding a spear (almost dead, chance to defeat MR: 88%)
The gnoll barely resists.
The gnoll hits you from afar with a spear.
You die...

#8(..8#
###.###.#
#8.).8#..
###.###.#
#8..)8#..
###.###.#
#8...8#g#
###.###.#
#...@.#
#.#######.
#.........
##########


You could see a gnoll.

Notes
Turn   | Place    | Note
-------+----------+-------------------------------------------
     0 | D:1      | theanonym the Deep Elf Necromancer began the quest for the Orb.
     0 | D:1      | Reached XP level 1. HP: 10/10 MP: 6/6
    51 | D:1      | Reached skill level 5 in Necromancy
   353 | D:1      | Reached XP level 2. HP: 9/15 MP: 1/8
   769 | D:1      | HP: 6/15 [gnoll/spear (7)]
   770 | D:1      | Slain by a gnoll

Vanquished Creatures
  3 dart slugs (D:1)
  A bat (D:1)
  3 goblins (D:1)
  3 kobolds (D:1)
  4 rats (D:1)
14 creatures vanquished.

Table legend:
 A = Turns spent in this place as a percentage of turns spent in the entire game.
 B = Non-inter-level travel turns spent in this place as a percentage of non-inter-level travel turns spent in the entire game.
 C = Inter-level travel turns spent in this place as a percentage of turns spent in this place.
 D = Turns resting spent in this place as a percentage of non-inter-level travel turns spent in this place.
 E = Turns spent auto-exploring this place as a percentage of non-inter-level travel turns spent in this place.
 F = Non-inter-level travel turns spent in this place divided by the number of levels of this place that you've seen.
                   A       B       C       D       E      F
               +-------+-------+-------+-------+-------+----------------------
         Total | 100.0 | 100.0 |   2.1 |  60.3 |  31.0 | 754.0
       Dungeon | 100.0 | 100.0 |   2.1 |  60.3 |  31.0 | 754.0
               +-------+-------+-------+-------+-------+----------------------
